 Dungeon Crawl Stone Soup version 0.31-a0-14-gc80a10f4b6 (webtiles) character file.

Game seed: 1388223406089201199

29 Mickster the Firebug (level 3, 0/19 HPs)
             Began as a Deep Elf Fire Elementalist on May 7, 2023.
             Slain by Terence
             ... wielding a +0 hand axe
              (6 damage)
             ... on level 2 of the Dungeon.
             The game lasted 00:10:31 (1251 turns).

Mickster the Firebug (Deep Elf Fire Elementalist)   Turns: 1251, Time: 00:10:31

Health: 0/19       AC:  3    Str:  5    XL:     3   Next: 1%
Magic:  3/10       EV: 12    Int: 21    God:
Gold:   72         SH:  0    Dex: 15    Spells: 6/9 levels left

rFire   . . .        h - staff of air
rCold   . . .        (no shield)
rNeg    . . .        a - +1 robe
rPois   .            (no helmet)
rElec   +            (no cloak)
rCorr   .            (no gloves)
SInv    .            (no boots)
Will    .....        (no amulet)
Stlth   ++           (no ring)
HPRegen 0.23/turn    (no ring)
MPRegen 0.12/turn

%: no passive effects
@: no status effects
A: no striking features
a: no special abilities


You were on level 2 of the Dungeon.
You visited 1 branch of the dungeon, and saw 2 of its levels.

You collected 72 gold pieces.

Inventory:

Hand Weapons
 f - a +0 dagger
 g - a +0 flail
Missiles
 c - 11 stones
Armour
 a - a +1 robe (worn)
Magical Staves
 h - a staff of air (weapon)
Potions
 b - a potion of magic
 d - a potion of curing
 k - a potion of brilliance {unknown}
 l - a potion of lignification {unknown}


   Skills:
 * Level 0.1 Maces & Flails
 + Level 2.5 Dodging
 + Level 2.4 Stealth
 + Level 3.6 Spellcasting
 + Level 1.1 Conjurations
 * Level 4.1 Fire Magic


You had 6 spell levels left.
You knew the following spells:

 Your Spells              Type           Power      Damage    Failure   Level
a - Foxfire               Conj/Fire      56%        2x1d6     4%          1
b - Scorch                Fire           42%        2d6       3%          2

Your spell library contained the following spells:

 Spells                   Type           Power      Damage    Failure   Level
 Inner Flame              Hex/Fire       12%        N/A       16%         3
 Volatile Blastmotes      Fire/Tloc      24%        2d12      16%         3
 Ozocubu's Armour         Ice            3%         N/A       36%         3
 Flame Wave               Conj/Fire      14%        2d6       38%         4
 Metabolic Englaciation   Hex/Ice        1%         N/A       98%         5
 Simulacrum               Ice/Necr       1%         N/A       100%        6


Dungeon Overview and Level Annotations

Branches:
Dungeon (2/15)

Altars:

Annotations:
D:2 Terence


Message History

Terence is no longer more vulnerable to fire.
There is an open door here.
Terence shouts, "Get ready for death!"
Terence attacks as you move away! Terence barely misses you.
Casting: Foxfire (safe; 4% risk of failure)
Confirm with . or Enter, or press ? or * to list all spells.
You conjure some foxfire!
Terence hits you with a +0 hand axe.
The foxfire hits Terence but does no damage.
Terence is lightly wounded.
The foxfire hits Terence but does no damage.
Terence is lightly wounded.
Terence closely misses you.
Casting: Foxfire (safe; 4% risk of failure)
Confirm with . or Enter, or press ? or * to list all spells.
You conjure some foxfire!
Terence closely misses you. Terence attacks as you move away!
Terence hits you with a +0 hand axe.
The foxfire hits Terence but does no damage.
Terence is lightly wounded.
The foxfire hits Terence but does no damage.
Terence is lightly wounded.
Terence hits you with a +0 hand axe.
* * * LOW HITPOINT WARNING * * *
Terence barely misses you.
You hit Terence but do no damage.
Terence is lightly wounded.
Terence hits you with a +0 hand axe.
* * * LOW HITPOINT WARNING * * *
You barely miss Terence.
Terence is lightly wounded.
Terence hits you with a +0 hand axe.
* * * LOW HITPOINT WARNING * * *
Terence hits you but does no damage.
You feel better. Terence closely misses you.
Casting: Foxfire (safe; 4% risk of failure)
Confirm with . or Enter, or press ? or * to list all spells.
You conjure some foxfire!
Terence barely misses you.
Terence hits your foxfire with a +0 hand axe.
Terence barely misses your foxfire. Terence attacks as you move away!
Terence hits you with a +0 hand axe.
You die...

##### #...#
#...# #...#
#.@v#########
#.@v'........
#...##########
#...# #.....#
###.# #.###.#
#####.####.#
#.# #######
#..........#
#.# ......#
#.......####
#.# ......#
#.......# #.#
......#
#.[.....# #.#


You could see Terence (ally target).

Vanquished Creatures
  An adder (D:2)
  2 ball pythons (D:1)
  3 endoplasms
  2 goblins (D:1)
  3 hobgoblins
  3 jackals (D:1)
  A kobold (D:1)
  A rat (D:1)
16 creatures vanquished.

Vanquished Creatures (others)
  41 foxfires
41 creatures vanquished.

Grand Total: 57 creatures vanquished

Notes
Turn   | Place    | Note
-------+----------+-------------------------------------------
     0 | D:1      | Mickster the Deep Elf Fire Elementalist began the quest for
                  | the Orb.
     0 | D:1      | Reached XP level 1. HP: 10/10 MP: 6/6
   470 | D:1      | Reached XP level 2. HP: 15/15 MP: 2/8
   796 | D:1      | Learned a level 2 spell: Scorch
   882 | D:1      | You fall into a shaft and drop 1 floor!
   932 | D:2      | Reached skill level 4 in Fire Magic
  1207 | D:2      | Reached XP level 3. HP: 19/19 MP: 7/10
  1232 | D:2      | Noticed Terence
  1251 | D:2      | Slain by Terence

Illustrated notes

Levels and vault maps discovered:
D:1:      lightli_arrival_windingriver, layout_rooms
D:2:      layout_basic, minmay_tetromino_t4, uniq_sigmund, uniq_terence

Skill      XL: |  1  2 |
---------------+-------+-----
Fire Magic     | 4 |  4.1
Maces & Flails | |  0.1
Dodging        | |  2.5
Stealth        | |  2.4
Spellcasting   | |  3.6
Conjurations   | |  1.1

Action                     || total
---------------------------++-------
  Melee: Unarmed           ||     3
         Staff             ||     4
   Cast: Foxfire           ||    27
         Scorch            ||     4
    Use: Scroll            ||     4
         Potion            ||     5
 Armour: Robe              ||     3
  Dodge: Dodged            ||    20

Table legend: (Time is in decaauts)
 A = Elapsed time spent in this place.
 B = Non-inter-level travel time spent in this place.
 C = Inter-level travel time spent in this place.
 D = Time resting spent in this place.
 E = Time spent auto-exploring this place.
 F = Levels seen in this place.
 G = Mean time per level.
                   A        B        C        D        E       F      G
               +--------+--------+--------+--------+--------+-----+--------+
         Total |   1257 |   1163 |     94 |    568 |      0 |   2 |  628.5 |
       Dungeon |   1257 |   1163 |     94 |    568 |      0 |   2 |  628.5 |
               +--------+--------+--------+--------+--------+-----+--------+

Top non-repeatable levels by time:
     D:1: 888 daAuts
     D:2: 369 daAuts
